 Dungeon Crawl Stone Soup version 0.25-a0-663-gace7076f2c (webtiles) character file.

Game seed: 16034749011836615628, levelgen mode: deterministic

162 MisterFreud the Skirmisher (level 5, -3/41 HPs)
             Began as an Octopode Fighter on Mar 25, 2020.
             Slain by a phantom (8 damage)
             ... on level 4 of the Dungeon.
             The game lasted 00:03:41 (2134 turns).

MisterFreud the Skirmisher (Octopode Fighter)       Turns: 2134, Time: 00:03:42

Health: -3/41      AC:  1    Str: 15    XL:     5   Next: 43%
Magic:  5/5        EV: 11    Int: 12    God:
Gold:   155        SH:  8    Dex: 11    Spells: 4/4 levels left

rFire    . . .     SeeInvis .   a - +0 long sword
rCold    . . .     Gourm    +   b - +0 kite shield
rNeg     . . .     Faith    .   (helmet restricted)
rPois    .         Spirit   .   v - amulet of the gourmand
rElec    .         Reflect  .   j - ring of wizardry
rCorr    .         Harm     .   (no ring)
MR       .....                  (no ring)
Stlth    ++........             (no ring)
HPRegen  0.13/turn              (no ring)
MPRegen  0.09/turn              (no ring)
                                (no ring)
                                (no ring)

@: no status effects
A: almost no armour, stealthy swim, amphibious, 8 rings, constrict 8, camouflage
1, gelatinous body 1
a: no special abilities


You were on level 4 of the Dungeon.
You were not hungry.

You visited 1 branch of the dungeon, and saw 5 of its levels.

You collected 155 gold pieces.

Inventory:

Hand Weapons
 a - a +0 long sword (weapon)
Missiles
 i - 30 arrows
 s - 48 stones (quivered)
 t - 50 bolts
 u - 20 sling bullets
Armour
 b - a +0 kite shield (worn)
Jewellery
 g - an uncursed amulet of magic regeneration
 h - an uncursed ring of fire
 j - a ring of wizardry (left tentacle)
 v - an amulet of the gourmand (around mantle)
Scrolls
 e - 2 scrolls of fear {unknown}
 l - 5 scrolls of identify {unknown}
 m - a scroll of fog {unknown}
 o - 2 scrolls of teleportation {unknown}
 q - 2 scrolls of remove curse {unknown}
 r - a scroll of enchant weapon {unknown}
Potions
 c - 3 potions of might
 f - a potion of flight {unknown}
 k - a potion of brilliance {unknown}
 n - a potion of cancellation {unknown}
 p - a potion of lignification {unknown}
Comestibles
 d - 6 rations
 w - 9 chunks of flesh


   Skills:
 + Level 5.9 Fighting
 - Level 2.0 Long Blades
 - Level 3.0 Dodging
 - Level 3.0 Shields


You had 4 spell levels left.
You didn't know any spells.
Your spell library was empty.

Dungeon Overview and Level Annotations

Branches:
Dungeon (5/15)
 Temple: D:4-7

Altars:
Kikubaaqudgha
Wu Jian
Zin


Innate Abilities, Weirdness & Mutations

You cannot wear most types of armour.
You are very stealthy in the water. (Stealth+)
You are amphibious.
You can wear up to eight rings at the same time.
You can use your tentacles to constrict eight enemies at once.
Your skin changes colour to match your surroundings (Stealth+).
Your rubbery body absorbs attacks. (AC +1, EV +1)


Message History

You block the phantom's attack. The phantom hits you!
The phantom blinks!
Found a bubbling grey potion.
You closely miss the phantom.
The phantom is moderately damaged.
The phantom closely misses you.
The phantom blinks!
You see here a scroll labeled KORCHAEFOG.
The phantom barely misses you.
You closely miss the phantom.
The phantom is moderately damaged.
The phantom hits you!
The hound barks!
You hit the phantom.
The phantom is moderately damaged.
The phantom blinks!
The hound bites you.
* * * LOW HITPOINT WARNING * * *
The hound bites you.
* * * LOW HITPOINT WARNING * * *
The phantom hits you!
You die...

#.. ... # #.# #.
#####.#
#!.##.....####
#.............
#....>h...#
#.<.W@.?.#
#..##....#
#........####.####
#..#..............
#
#..##....####.####
. ##..##.#..# .. .
#..>##.#..####..
##.# #
#...............
...#
#.####...#.#####
#..#


You could see a phantom and a hound.

Vanquished Creatures
  An orc priest (D:4)
  Terence (D:2)
  A howler monkey zombie (D:5)
  4 adders
  A worm (D:5)
  A dart slug (D:1)
  A leopard gecko (D:4)
  2 orcs (D:4)
  7 bats
  4 giant cockroaches
  3 goblins
  4 hobgoblins
  4 jackals (D:4)
  3 quokkas (D:2)
  A ball python skeleton (D:4)
  3 frilled lizards
  7 kobolds
  6 rats
54 creatures vanquished.

Notes
Turn   | Place    | Note
-------+----------+-------------------------------------------
     0 | D:1      | MisterFreud the Octopode Fighter began the quest for the
                  | Orb.
     0 | D:1      | Reached XP level 1. HP: 16/16 MP: 1/1
    70 | D:1      | Reached XP level 2. HP: 17/21 MP: 2/2
   411 | D:1      | Reached skill level 4 in Fighting
   758 | D:2      | Reached XP level 3. HP: 27/27 MP: 3/3
   871 | D:2      | Found a glowing silver altar of Zin.
  1019 | D:2      | Noticed Terence
  1029 | D:2      | Killed Terence
  1029 | D:2      | Reached XP level 4. HP: 26/34 MP: 4/4
  1463 | D:3      | Reached skill level 5 in Fighting
  1495 | D:3      | You fall into a shaft and drop 2 floors!
  1495 | D:5      | Entered Level 5 of the Dungeon
  1495 | D:5      | Found an ancient bone altar of Kikubaaqudgha.
  1759 | D:4      | Found an ornate altar of the Wu Jian Council.
  1818 | D:4      | Reached XP level 5. HP: 34/41 MP: 5/5
  2118 | D:4      | Noticed a phantom
  2134 | D:4      | Slain by a phantom

Levels and vault maps discovered:
D:1:      elethiomel_arrival_shortcut, layout_rooms
D:2:      layout_basic, zin_scriptorium, uniq_terence
D:3:      layout_basic, lightli_corner_chamber
D:4:      layout_loops_ring, kennysheep_little_box, overflow_temple_1_default,
          first_ration, serial_shops, shop
D:5:      kennysheep_kobold_camp, layout_loops_ring, old_standard_altar,
          uniq_blork_the_orc

Skill      XL: |  1  2  3  4 |
---------------+-------------+-----
Fighting       | 4 5 |  5.9
Long Blades    | |  2.0
Dodging        | |  3.0
Shields        | |  3.0

Action                   |  1- 3 |  4- 6 || total
-------------------------+-------+-------++-------
Melee: Long sword        |    50 |    44 ||    94
       Constrict         |    13 |    16 ||    29
       Tentacles         |    10 |    11 ||    21
 Stab: Sleeping          |     2 |     3 ||     5
  Eat: Chunk             |       |     4 ||     4
Armor: Skin              |     4 |     2 ||     6
Dodge: Dodged            |    23 |    19 ||    42
Block: Kite shield       |    16 |    12 ||    28
       Rpst.: Long sword |     8 |     6 ||    14

Table legend:
 A = Non-vault XP
 B = Vault XP
 C = Vault XP percentage of total XP
 D = Non-vault monster count
 E = Vault monster count
 F = Vault count percentage of total count
                 A         B        C        D         E       F
            +---------+---------+-------+---------+---------+-------
      Total |     196 |      36 |  15.5 |      53 |       1 |   1.9
            +---------+---------+-------+---------+---------+-------
        D:1 |      33 |       0 |   0.0 |      20 |       0 |   0.0
        D:2 |      36 |      36 |  50.0 |      15 |       1 |   6.2
        D:3 |      16 |       0 |   0.0 |       3 |       0 |   0.0
        D:4 |      89 |       0 |   0.0 |      12 |       0 |   0.0
        D:5 |      22 |       0 |   0.0 |       3 |       0 |   0.0
            +---------+---------+-------+---------+---------+-------
